 Dungeon Crawl Stone Soup version 0.24.0-123-gd5b16e6ec5 (webtiles) character file.

Game seed: 1156587551247483221, levelgen mode: deterministic

58 Bergy the Cudgeler (level 3, 0/29 HPs)
             Began as a Demonspawn Abyssal Knight on Dec 29, 2019.
             Was a Believer of Lugonu.
             Slain by an orc
             ... wielding a +0 trident
              (3 damage)
             ... on level 3 of the Dungeon.
             The game lasted 00:06:15 (1676 turns).

Bergy the Cudgeler (Demonspawn Abyssal Knight)      Turns: 1676, Time: 00:06:15

Health: 0/29       AC:  3    Str:  9 (12) XL:     3   Next: 76%
Magic:  4/4        EV: 11    Int: 10 (13) God:    Lugonu [**....]
Gold:   157        SH:  0    Dex: 12 (13) Spells: 2/2 levels left

rFire    . . .     SeeInvis .   a - +1 mace
rCold    . . .     Gourm    .   (no shield)
rNeg     . . .     Faith    .   b - +0 leather armour
rPois    .         Spirit   .   (no helmet)
rElec    .         Reflect  .   (no cloak)
rCorr    .         Harm     .   (no gloves)
MR       .....                  (no boots)
Stlth    +.........             (no amulet)
HPRegen  0.09/turn              (no ring)
MPRegen  0.09/turn              (no ring)

@: no status effects
A: powered by death 1
a: Depart the Abyss, Bend Space, Renounce Religion


You were on level 3 of the Dungeon.
You worshipped Lugonu.
Lugonu was pleased with you.
You were hungry.

You visited 1 branch of the dungeon, and saw 3 of its levels.
You visited the Abyss 1 time.

You collected 157 gold pieces.

Inventory:

Hand Weapons
 a - a +1 mace (weapon)
 e - a +1 short sword of venom
Armour
 b - a +0 leather armour (worn)
Jewellery
 g - an uncursed ring of resist corrosion {unknown}
 j - a cursed amulet of harm {unknown}
Scrolls
 d - a scroll of teleportation {unknown}
 f - 2 scrolls of identify {unknown}
 h - a scroll of random uselessness {unknown}
 i - a scroll of enchant armour {unknown}
 k - a scroll of fog {unknown}
Potions
 l - a potion of degeneration
 m - a potion of resistance {unknown}
 n - a potion of haste {unknown}
 p - a potion of heal wounds {unknown}
Comestibles
 c - 5 rations


   Skills:
 - Level 3.0 Fighting
 * Level 3.8 Maces & Flails
 - Level 1.7 Armour
 - Level 0.8 Dodging
 - Level 2.4 Invocations


You had 2 spell levels left.
You didn't know any spells.
Your spell library was empty.

Dungeon Overview and Level Annotations

Branches:
Dungeon (3/15)

Altars:
Nemelex Xobeh
Yredelemnul


Innate Abilities, Weirdness & Mutations

You regenerate a little health from kills.


Message History

No target in view!
You see here a rat corpse.
A quokka, 2 orcs and 2 orc priests come into view.
The orc shouts! x2; The orc priest shouts! x2
The orc moves out of view.
The quokka moves out of view.
You are feeling hungry.
You see here a rat corpse.
The orc priest hits you with a +0 flail!
You sock the orc priest!
The orc priest is heavily wounded.
The orc priest mumbles some strange prayers to Beogh against you.
Beogh smites you!
Ouch! That really hurt!
* * * LOW HITPOINT WARNING * * *
You hear an angry hiss.
It was a potion of degeneration.
There was something very wrong with that liquid.
You feel weakened.
You feel dopey.
You feel clumsy.
The orc hits you from afar with a +0 trident.
You die...

####################
#.o@.†..............
#o#######...........
#. ############ ..
#####.....


.oo #......... .... .###..... #..o. #..##. #.... #..##. #..##. You could see an
orc priest and an orc.

Vanquished Creatures
  2 adders
  A dart slug (D:3)
  A worm (D:2)
  4 giant cockroaches
  2 goblins
  4 hobgoblins
  2 jackals (D:1)
  A quokka (D:2)
  3 ball pythons
  7 bats
  3 frilled lizards
  3 kobolds
  6 rats
39 creatures vanquished.

Notes
Turn   | Place    | Note
-------+----------+-------------------------------------------
     0 | Abyss:1  | Bergy the Demonspawn Abyssal Knight began the quest for the
                  | Orb.
     0 | Abyss:1  | Reached XP level 1. HP: 18/18 MP: 2/2
    22 | D:1      | Escaped the Abyss
   117 | D:1      | Gained mutation: You regenerate a little health from kills.
                  | [demonic ancestry]
   117 | D:1      | Reached XP level 2. HP: 17/24 MP: 3/3
   218 | D:1      | You fall into a shaft and drop 1 floor!
   300 | D:2      | Found a sparkling altar of Nemelex Xobeh.
   353 | D:2      | Found a basalt altar of Yredelemnul.
   374 | D:2      | Reached XP level 3. HP: 22/29 MP: 4/4
   378 | D:2      | Reached ** piety under Lugonu
  1676 | D:3      | Slain by an orc

Levels and vault maps discovered:
D:1:      co_arrival_hall_of_pillars, layout_basic
D:2:      layout_rooms, lemuel_round_altar, first_ration,
          nemelex_diamond_rough_becter
D:3:      layout_basic, uniq_terence

Skill      XL: |  1  2 |
---------------+-------+-----
Maces & Flails | 2 3 |  3.8
Fighting       | |  3.0
Armour         | |  1.7
Dodging        | |  0.8
Invocations    | |  2.4

Action                   || total
-------------------------++-------
Melee: Mace              ||   103
  Use: Potion            ||     1
  Eat: Chunk             ||     2
Armor: Leather armour    ||    36
Dodge: Dodged            ||    90
